 Dungeon Crawl Stone Soup version 0.19-a0-965-g50bf062 (webtiles) character file.

291 HAL9000 the Covered (level 6, -16/56 HPs)
             Began as a Minotaur Fighter on July 12, 2016.
             Was an Initiate of Okawaru.
             Demolished by an ogre
             ... wielding a +0 giant club
              (18 damage)
             ... on level 4 of the Dungeon.
             The game lasted 00:04:03 (2268 turns).

HAL9000 the Covered (Minotaur Fighter)              Turns: 2268, Time: 00:04:03

Health: -16/56     AC: 10    Str: 25    XL:     6   Next: 10%
Magic:  5/5        EV:  8    Int:  5    God:    Okawaru [......]
Gold:   154        SH: 10    Dex: 12    Spells: 0 memorised, 5 levels left

rFire  . . .     SeeInvis .     a - +0 long sword
rCold  . . .     Gourm    .     b - +0 scale mail
rNeg   . . .     Faith    .     c - +0 shield
rPois  .         Spirit   .     (helmet restricted)
rElec  .         Dismiss  .     x - +2 cloak
rCorr  .         Reflect  .     (no gloves)
SustAt .         Harm     .     (no boots)
MR     .....                    (no amulet)
Stlth  ..........               t - +5 ring of strength
                                m - ring of flight

@: not resistant to hostile enchantments, extremely unstealthy
A: retaliatory headbutt, horns 2
a: Renounce Religion, Evoke Flight


You were on level 4 of the Dungeon.
You worshipped Okawaru.
Okawaru was noncommittal.
You were hungry.

You visited 2 branches of the dungeon, and saw 5 of its levels.

You collected 154 gold pieces.

Inventory:

Hand Weapons
 a - a +0 long sword (weapon)
Armour
 b - a +0 scale mail (worn)
 c - a +0 shield (worn)
 x - a +2 cloak (worn)
Jewellery
 m - a ring of flight (left hand)
 t - a +5 ring of strength (right hand)
Wands
 w - a wand of lightning (9/15)
Scrolls
 g - 4 scrolls of identify
 h - a scroll of teleportation
 r - a scroll of magic mapping
 v - a scroll of enchant armour {unknown}
 z - a scroll of immolation {unknown}
Potions
 i - 3 potions of cure mutation
 j - a potion of brilliance {unknown}
 l - a potion of invisibility
 n - a potion of agility
 o - 2 potions of flight
 q - 2 potions of curing
 s - 2 potions of degeneration {unknown}
 u - a potion of heal wounds {unknown}
Books
 y - a book of Frost

   Spells                             Type                      Level
   a - Freeze                         Ice                          1
   b - Throw Frost                    Conjuration/Ice              2
   c - Ozocubu's Armour               Charms/Ice                   3
   d - Throw Icicle                   Conjuration/Ice              4
   e - Summon Ice Beast               Ice/Summoning                4
Comestibles
 f - 3 bread rations
 k - a slice of pizza
 p - 3 meat rations
 B - 3 beef jerkies


   Skills:
 + Level 5.0 Fighting
 * Level 5.0 Long Blades
 + Level 5.0 Armour
 + Level 4.8 Shields


You had 5 spell levels left.
You didn't know any spells.

Dungeon Overview and Level Annotations

Branches:
Dungeon (4/15)             Temple (1/1) D:4

Altars:
Cheibriados
Elyvilon
Fedhas
Makhleb
Okawaru
Pakellas
Qazlal
Ru
Xom
Zin


Innate Abilities, Weirdness & Mutations

You reflexively headbutt those who attack you in melee.
You have a pair of horns on your head.


Message History

The ogre is moderately wounded.
The ogre closely misses you.
You hit the ogre.
The ogre is heavily wounded.
You block the ogre's attack.
You hit the ogre.
The ogre is heavily wounded.
The ogre hits you with a giant club!
You hit the ogre but do no damage.
The ogre is heavily wounded.
You are feeling hungry.
The ogre hits you with a giant club!!
* * * LOW HITPOINT WARNING * * *
Unknown command.
Unknown command.
Okay, then.
Your shield prevents you from hitting the ogre.
The ogre is heavily wounded.
The ogre hits you with a giant club!!
You die...

#.# ####
#.# ...#
########.#
##.#
#........#
#.#
#.#####..#
#.# #.#
#..# #.#
#.# #..#
#.# #.#
#..######
#.# #.#
#@......#
#.# #.#
#O#####.#
#.# #.# #.#
#.#######.#
#.#
#.........#
#.#
###########
#.# #.# #.#
#.#


You could see an ogre.

Vanquished Creatures
  An ogre (D:4)
  A hound (D:3)
  An orc wizard (D:3)
  An iguana (D:4)
  Natasha (D:2)
  An adder (D:3)
  2 worms (D:2)
  4 giant geckos
  6 orcs (D:3)
  5 giant cockroaches
  4 goblins
  8 hobgoblins
  9 jackals
  3 kobolds
  A quokka (D:2)
  5 ball pythons
  5 bats
  3 giant newts
  A jackal skeleton (D:4)
  8 rats
70 creatures vanquished.

Notes
Turn   | Place    | Note
-------+----------+-------------------------------------------
     0 | D:1      | HAL9000 the Minotaur Fighter began the quest for the Orb.
     0 | D:1      | Reached XP level 1. HP: 19/19 MP: 0/0
    28 | D:1      | Reached XP level 2. HP: 14/27 MP: 1/1
   471 | D:1      | Reached XP level 3. HP: 31/33 MP: 2/2
  1136 | D:2      | Noticed Natasha
  1144 | D:2      | Killed Natasha
  1144 | D:2      | Reached XP level 4. HP: 23/40 MP: 3/3
  1625 | D:3      | Reached XP level 5. HP: 45/47 MP: 4/4
  1737 | D:3      | Found a glowing silver altar of Zin.
  1737 | D:3      | Noticed an angel
  1739 | D:3      | Found a shimmering altar of Xom.
  1965 | D:4      | Noticed an ogre
  1982 | D:4      | Killed an ogre
  1982 | D:4      | Reached skill level 5 in Fighting
  1982 | D:4      | Reached skill level 5 in Armour
  2067 | D:4      | Reached XP level 6. HP: 48/56 MP: 5/5
  2078 | D:4      | Found a staircase to the Ecumenical Temple.
  2089 | D:4      | Found a blossoming altar of Fedhas.
  2095 | Temple   | Entered the Ecumenical Temple
  2127 | Temple   | Became a worshipper of Warmaster Okawaru
  2229 | D:4      | Reached skill level 5 in Long Blades
  2265 | D:4      | HP: 2/56 [ogre/giant club (21)]
  2268 | D:4      | Demolished by an ogre

Vault maps used:
D:1:      lemuel_arrival_funnel
D:2:      first_bread, uniq_natasha
D:3:      grunt_temple_overflow_order_and_chaos_1, kennysheep_generic_room_12
D:4:      fedhas_altar_3
Temple:   jpeg_temple_clearing

Skill      XL: |  1  2  3  4  5  6 |
---------------+-------------------+-----
Fighting       | 4 5 |  5.0
Armour         | 4 5 |  5.0
Long Blades    | 3 4 5 |  5.0
Shields        | 4 |  4.8

Action                   |  1- 3 |  4- 6 || total
-------------------------+-------+-------++-------
Melee: Long sword        |    99 |    61 ||   160
       Headbutt          |    12 |    14 ||    26
  Use: Scroll            |     6 |     3 ||     9
       Potion            |       |     1 ||     1
  Eat: Chunk             |     1 |     3 ||     4
Armor: Scale mail        |    48 |    17 ||    65
Dodge: Dodged            |    35 |    16 ||    51
Block: Shield            |    51 |    28 ||    79
